 Dungeon Crawl Stone Soup version 0.18.1-6-gd335043 (webtiles) character file.

1465 Jerry the Conjurer (level 8, 0/57 HPs)
             Began as a Demigod Wizard on May 16, 2016.
             Slain by volde25's ghost (5 damage)
             ... on level 8 of the Dungeon.
             The game lasted 00:54:36 (7857 turns).

Jerry the Conjurer (Demigod Wizard)                 Turns: 7857, Time: 00:54:36

Health: 0/57       AC:  7    Str: 12    XL:     8   Next: 24%
Magic:  15/15      EV:  8    Int: 28    God:
Gold:   247        SH:  0    Dex: 14    Spells: 4 memorised, 3 levels left

rFire  . . .     SeeInvis .     M - +3 broad axe (venom)
rCold  . . .     Gourm    .     N - +2 robe {Archmagi}
rNeg   . . .     Faith    .     (no shield)
rPois  .         Spirit   .     u - +0 helmet
rElec  .         Dismiss  .     (no cloak)
rCorr  .         Reflect  .     J - +1 pair of gloves
SustAt +         Harm     .     (no boots)
MR     .....                    A - amulet of rage
Stlth  ++........               B - +2 ring of intelligence
                                x - +2 ring of strength

@: lethally poisoned (0 -> -6), not resistant to hostile enchantments,
unstealthy
A: high mp 1, sustain attributes
a: Evoke Berserk Rage


You were on level 8 of the Dungeon.
You were very hungry.

You visited 2 branches of the dungeon, and saw 9 of its levels.
You also visited: Sewer.

You collected 327 gold pieces.
You spent 80 gold pieces at shops.

Inventory:

Hand Weapons
 M - a +3 broad axe of venom (weapon)
Armour
 u - a +0 helmet (worn)
 J - a +1 pair of gloves (worn)
 N - a +2 robe of the Archmagi (worn)
Jewellery
 e - a +2 amulet of reflection {unknown}
 x - a +2 ring of strength (left hand)
 A - an amulet of rage (around neck)
 B - a +2 ring of intelligence (right hand)
Wands
 a - a wand of enslavement (15/24)
 I - a wand of flame (0/48)
Scrolls
 g - a scroll of fog
 i - 6 scrolls of remove curse
 j - 5 scrolls of teleportation
 m - 3 scrolls of enchant armour
 s - a scroll of amnesia
 E - a scroll of identify
 F - 3 scrolls of enchant weapon
 O - a scroll of blinking
Potions
 o - 3 potions of agility
 p - 2 potions of brilliance
 q - 4 potions of flight
 r - 2 potions of ambrosia
 v - 2 potions of haste
 z - 6 potions of heal wounds
 C - a potion of might
 D - 4 potions of curing
 H - 3 potions of lignification
Books
 c - a book of Minor Magic

   Spells                             Type                      Level
   a - Magic Dart                     Conjuration                  1
   b - Blink                          Translocation                2
   c - Call Imp                       Summoning                    2
   d - Repel Missiles                 Charms/Air                   2
   e - Slow                           Hexes                        2
   f - Conjure Flame                  Conjuration/Fire             3
   g - Mephitic Cloud                 Conjuration/Poison/Air       3
 y - a book of Spatial Translocations

   Spells                             Type                      Level
   a - Apportation                    Translocation                1
   b - Blink                          Translocation                2
   c - Shroud of Golubria             Charms/Translocation         2
   d - Portal Projectile              Translocation                3
   e - Teleport Other                 Translocation                3
   f - Passage of Golubria            Translocation                4
 L - a book of Unlife

   Spells                             Type                      Level
   a - Recall                         Summoning/Translocation      3
   b - Animate Dead                   Necromancy                   4
   c - Control Undead                 Necromancy                   4
   d - Cigotuvi's Embrace             Necromancy                   5
   e - Death Channel                  Necromancy                   6
   f - Simulacrum                     Ice/Necromancy               6
Comestibles
 d - 5 bread rations
 l - a royal jelly
 n - 3 meat rations
 G - 2 beef jerkies


   Skills:
 + Level 2.4 Dodging
 - Level 1.7 Stealth
 - Level 2.6 Spellcasting
 - Level 6.2 Conjurations
 + Level 6.1 Summonings
   Level 0.8 Translocations
 + Level 3.4 Fire Magic


You had 3 spell levels left.
You knew the following spells:

 Your Spells              Type           Power        Failure   Level  Hunger
a - Magic Dart            Conj           ####         1%          1    None
b - Call Imp              Summ           ######..     1%          2    ##.....
c - Conjure Flame         Conj/Fire      #####...     3%          3    ###....
d - Mephitic Cloud        Conj/Pois/Air  ###.....     12%         3    ###....


Dungeon Overview and Level Annotations

Branches:
Dungeon (8/15)             Temple (1/1) D:4
   Lair: D:8-11

Shops:
D:4 !   D:5 (   D:7 *

Annotations:
D:8 volde25's ghost, novice TrBe


Innate Abilities, Weirdness & Mutations

You have an increased reservoir of magic (+10% MP).
Your attributes are resistant to harm.


Message History

A killer bee comes into view.
Volde25's ghost closely misses you.
There is a stone staircase leading up, spattered with blood here.
The killer bee buzzes angrily.
You hit volde25's ghost.
Volde25's ghost is lightly damaged.
Volde25's ghost closely misses you. Volde25's ghost hits you!!
The orc wizard shouts!
You slash volde25's ghost!
Volde25's ghost is lightly damaged.
Volde25's ghost wails.
Volde25's ghost hits you!!
* * * LOW HITPOINT WARNING * * *
The killer bee closely misses you.
You can't go down here!
The killer bee stings you.
* * * LOW HITPOINT WARNING * * *
You are lethally poisoned!
The killer bee poisons you! Volde25's ghost hits you.
You die...

..... ..# ....
...# . ...
...### ...
..##..... ....
.)....# .....
#$#...##. [o...#
#.#)....#
#.....##.[### ##
#.y@#..>#
#..####W....#
#......###.#
##.......#.##
#####......#####
###........#
###...##.. ##<.#
#.....#


You could see a killer bee, an orc wizard and volde25's ghost.

Vanquished Creatures
  A wyvern (D:7)
  A hippogriff (D:5)
  An ogre (D:7)
  A centaur (D:7)
  A giant frog (D:6)
  A scorpion (D:7)
  2 howler monkeys (D:8)
  2 crimson imps (D:5)
  An orc priest (D:4)
  Terence (D:2)
  2 orc wizards
  3 worker ants
  2 hound skeletons (D:4)
  3 gnolls (D:3)
  6 adders
  A shadow imp (D:5)
  2 oozes
  An adder skeleton (D:5)
  A dart slug (D:1)
  9 giant geckos
  8 orcs
  8 giant cockroaches
  3 goblins
  6 hobgoblins
  2 jackals (D:4)
  3 quokkas
  A ball python (Sewer)
  5 bats
  A giant gecko skeleton (D:5)
  A giant newt (D:3)
  A jackal skeleton (D:4)
  6 kobolds
  4 rats
91 creatures vanquished.

Vanquished Creatures (collateral kills)
  Purgy (Sewer)
  2 sky beasts
  A centaur (D:7)
  Blork the orc (D:6)
  A giant frog (D:6)
  A scorpion (D:4)
  A howler monkey (D:4)
  A hound (D:8)
  An orc priest (D:4)
  4 worker ants
  3 adders
  3 gnolls (D:5)
  A shadow imp (D:7)
  A giant gecko (D:3)
  10 orcs
  2 giant cockroaches (D:3)
  2 hobgoblins (D:3)
  2 jackals (D:4)
  3 ball pythons (Sewer)
  3 giant newts
44 creatures vanquished.

Grand Total: 135 creatures vanquished

Notes
Turn   | Place    | Note
--------------------------------------------------------------
     0 | D:1      | Jerry the Demigod Wizard began the quest for the Orb.
     0 | D:1      | Reached XP level 1. HP: 14/14 MP: 6/6
    32 | D:1      | Reached skill level 1 in Conjurations
   342 | D:1      | Reached XP level 2. HP: 20/20 MP: 6/8
   394 | D:1      | Learned a level 2 spell: Call Imp
   904 | D:2      | Noticed Terence
   934 | D:2      | Killed Terence
   934 | D:2      | Reached XP level 3. HP: 26/26 MP: 1/9
   939 | D:2      | Learned a level 3 spell: Conjure Flame
  1259 | D:2      | Reached skill level 1 in Summonings
  1747 | D:3      | Reached XP level 4. HP: 31/33 MP: 7/10
  2219 | D:3      | Found a glowing drain.
  2241 | Sewer    | Entered a sewer
  2595 | Sewer    | Noticed Purgy
  2605 | Sewer    | Killed Purgy
  2605 | Sewer    | Reached XP level 5. HP: 38/38 MP: 5/11
  3302 | D:4      | Found Omuymp's Distillery.
  3310 | D:4      | Bought a potion of curing for 30 gold pieces
  3310 | D:4      | Bought a potion of heal wounds for 50 gold pieces
  3725 | D:4      | Reached XP level 6. HP: 45/45 MP: 10/13
  4148 | D:4      | Found a staircase to the Ecumenical Temple.
  4172 | Temple   | Entered the Ecumenical Temple
  4512 | D:4      | Reached skill level 5 in Conjurations
  4772 | D:5      | Entered Level 5 of the Dungeon
  4772 | D:5      | Found Ziluam's Antique Weapon Boutique.
  4790 | D:5      | Found a radiant altar of Vehumet.
  4792 | D:5      | Found a burning altar of Makhleb.
  5124 | D:5      | Noticed a hippogriff
  5133 | D:5      | Killed a hippogriff
  5133 | D:5      | Reached XP level 7. HP: 33/50 MP: 4/14
  5502 | D:6      | Noticed Blork the orc
  5511 | D:6      | Killed Blork the orc
  5532 | D:6      | Learned a level 3 spell: Mephitic Cloud
  5612 | D:6      | Reached skill level 5 in Summonings
  5880 | D:6      | Found an iron altar of Okawaru.
  5906 | D:6      | Found a glowing silver altar of Zin.
  5924 | D:6      | Found a white marble altar of Elyvilon.
  5970 | D:6      | Reached skill level 1 in Fire Magic
  6031 | D:6      | Found a snail-covered altar of Cheibriados.
  6033 | D:6      | Found a shattered altar of Ashenzari.
  6226 | D:7      | Found an iron altar of Okawaru.
  6245 | D:7      | Found Usuchi's General Store.
  6710 | D:7      | Noticed a wyvern
  6758 | D:7      | Killed a wyvern
  6953 | D:7      | Reached XP level 8. HP: 57/57 MP: 8/15
  7699 | D:8      | Noticed volde25's ghost (novice TrBe)
  7857 | D:8      | Slain by volde25's ghost

Skill      XL: |  1  2  3  4  5  6  7  8 |
---------------+-------------------------+-----
Conjurations   | 2 3 4 5 6 |  6.2
Summonings     | 1 2 3 4 5 6 |  6.1
Fire Magic     | 2 3 |  3.4
Dodging        | 2 |  2.4
Stealth        | |  1.7
Spellcasting   | |  2.6
Translocations | |  0.8

Action                   |  1- 3 |  4- 6 |  7- 9 || total
-------------------------+-------+-------+-------++-------
Melee: Club              |     5 |       |       ||     5
       Short sword       |    39 |   120 |    33 ||   192
       Broad axe         |       |       |    52 ||    52
 Cast: Magic Dart        |    48 |    12 |     4 ||    64
       Call Imp          |     9 |    57 |    27 ||    93
       Conjure Flame     |       |     7 |     7 ||    14
       Mephitic Cloud    |       |       |     6 ||     6
  Use: Scroll            |       |     4 |    14 ||    18
       Potion            |       |     2 |       ||     2
 Stab: Sleeping          |     3 |     2 |       ||     5
       Distracted        |     1 |     3 |     1 ||     5
       Confused          |       |       |     1 ||     1
  Eat: Chunk             |     3 |    13 |     6 ||    22
       Pizza             |       |       |     2 ||     2
Armor: Robe              |     5 |    25 |    29 ||    59
Dodge: Dodged            |    33 |    88 |    61 ||   182
